 Dungeon Crawl Stone Soup version 0.31.0-11-ge490571c62 (webtiles) character file.

Game seed: 9464211350278230065

48 hawla the Conjurer (level 3, 0/21 HPs)
             Began as a Deep Elf Conjurer on Feb 5, 2024.
             Succumbed to an adder's poison
             ... on level 2 of the Dungeon.
             The game lasted 00:02:57 (1132 turns).

hawla the Conjurer (Deep Elf Conjurer)              Turns: 1132, Time: 00:02:57

Health: 0/21       AC:  2    Str:  4    XL:     3   Next: 50%
Magic:  9/9        EV:  9    Int: 24    God:
Gold:   32         SH:  0    Dex: 13    Spells: 5/8 levels left

rFire   . . .        (no weapon)
rCold   . . .        (no shield)
rNeg    . . .        a - +0 robe
rPois   .            (no helmet)
rElec   .            (no cloak)
rCorr   .            (no gloves)
SInv    .            (no boots)
Will    .....        (no amulet)
Stlth   +            (no ring)
HPRegen 0.23/turn    (no ring)
MPRegen 0.11/turn

%: no passive effects
@: confused, brilliant, lethally poisoned (0 -> -16), ambrosia-drunk,
constricted
A: no striking features
a: no special abilities


You were on level 2 of the Dungeon.
You visited 1 branch of the dungeon, and saw 2 of its levels.

You collected 32 gold pieces.

Inventory:

Armour
 a - a +0 robe (worn)
Scrolls
 e - a scroll of immolation
 f - a scroll of torment
Potions
 d - a potion of ambrosia


   Skills:
 - Level 2.0 Fighting
 - Level 2.4 Dodging
 + Level 3.7 Stealth
 - Level 3.0 Spellcasting
 - Level 4.3 Conjurations


You had 5 spell levels left.
You knew the following spells:

 Your Spells              Type           Power      Damage    Failure   Level
a - Magic Dart            Conj           100%       1d8       1%          1
b - Searing Ray           Conj           72%        2d7       2%          2

Your spell library contained the following spells:

 Spells                   Type           Power      Damage    Failure   Level
 Fulminant Prism          Conj/Alch      10%        3d8       41%         4
 Iskenderun's Mystic Bla  Conj/Tloc      21%        2d6       41%         4


Dungeon Overview and Level Annotations

Branches:
Dungeon (2/15)

Altars:


Message History

You feel sick.
Casting: Searing Ray (safe; 2% risk of failure)
Confirm with . or Enter, or press ? or * to list all spells.
Aiming: Searing Ray (safe; 2% risk of failure)
Press: ? - help, Shift-Dir - straight line, f - adder
Aim: an adder (moderately wounded, 66% to hit)
The searing ray hits the adder.
The adder is moderately wounded. (Press . to maintain the ray.)
You feel sick. The adder bites you.
The ball python bites you but does no damage.
The ball python misses you. The adder closely misses you.
The searing ray misses the adder.
You feel sick. The ball python bites you. The ball python grabs you.
The ball python constricts you. The adder bites you.
* * * LOW HITPOINT WARNING * * *
You are lethally poisoned!
The adder poisons you!
Unknown command.
It was a potion of brilliance.
You feel clever all of a sudden.
* * * LOW HITPOINT WARNING * * *
You feel very sick. The adder closely misses you.
The ball python closely misses you. The ball python constricts you.
* * * LOW HITPOINT WARNING * * *
You are confused.
You feel invigorated.
* * * LOW HITPOINT WARNING * * *
You feel sick. The adder bites you.
* * * LOW HITPOINT WARNING * * *
You are more poisoned.
The adder poisons you! The ball python bites you.
* * * LOW HITPOINT WARNING * * *
The ball python constricts you. The adder bites you.
* * * LOW HITPOINT WARNING * * *
You are more poisoned.
The adder poisons you! The ball python closely misses you.
The ball python constricts you.
You bump into the rock wall.
You die...

###....#.####.#....#......
.......#.#..#.#..........#
.......#.#...<#.####.###.#
.......#.#...........#....
.......#.'...........#.#.#
........##...........#.#.#
......#..#...........#.#.#
..... ##.####.######.#.#.#
.... #.@S.....# #.#.#.#
... ###S.#.#..# ..#.#.# ..
#.##.##.. #.#.# # #..## .#
.+#.# #...# #..### #
#.##.# ..# #..#.#..#
##.....#


You could see an adder and a ball python.

Vanquished Creatures
  3 adders (D:2)
  2 ball pythons (D:1)
  A bat (D:1)
  3 endoplasms
  2 giant cockroaches
  A goblin (D:1)
  2 hobgoblins
  A kobold (D:1)
  A quokka (D:1)
  3 rats
19 creatures vanquished.

Notes
Turn   | Place    | Note
-------+----------+-------------------------------------------
     0 | D:1      | hawla the Deep Elf Conjurer began the quest for the Orb.
     0 | D:1      | Reached XP level 1. HP: 10/10 MP: 6/6
   308 | D:1      | Reached skill level 1 in Fighting
   415 | D:1      | Reached XP level 2. HP: 16/16 MP: 5/8
   418 | D:1      | Learned a level 2 spell: Searing Ray
  1042 | D:2      | Reached XP level 3. HP: 10/21 MP: 4/9
  1130 | D:2      | HP: 1/21 [constriction (1)]
  1132 | D:2      | Succumbed to an adder's poison

Illustrated notes

Levels and vault maps discovered:
D:1:      wheals_arrival_linesprint, layout_loops_ring,
          minmay_shallow_snake_nest
D:2:      layout_basic, basic_altar, ebering_ecumenical_altar_ruins,
          minmay_between

Skill      XL: |  1  2 |
---------------+-------+-----
Fighting       | 1 2 |  2.0
Stealth        | 3 |  3.7
Dodging        | |  2.4
Spellcasting   | |  3.0
Conjurations   | |  4.3

Action                     || total
---------------------------++-------
  Melee: Unarmed           ||     7
   Cast: Magic Dart        ||    27
         Searing Ray       ||     7
    Use: Scroll            ||     7
         Potion            ||     3
 Armour: Robe              ||    18
  Dodge: Dodged            ||    17
